kid, neutral male human Monk ---------------- ----- ----- ------------ |..............| |<..-##### |)..| |@r.........| |..............| |...| # |...| r@..r........| |..............| |...| ###|...| #|r..........| --.-----------.- ----- #....| # o..........| ############### ## |...| # ..........| ### # # ----- # ----------- # ### ### ### ### # # # # ###[# # # ################################### # # ### #----.----# ## # # |.......|# # ## |.......|# ---------|--.--- .........# |..............| |.......| |..............| --------- |....>.........| ---------------- kid the Novice Experience level: 3 Strength: 13 Dexterity: 16 Constitution: 15 Intelligence: 7 Wisdom: 14 Charisma: 10 Health: 0(30) Energy: 16(16) Def: 6 Gold: 616 Moves: 1447 Dungeon seed: IZJria53htuALJaD Game ID: kid_1431726498 Your Inventory: Coins $ - 616 gold pieces Armor e - an uncursed +2 pair of leather gloves (being worn) n - an uncursed +1 robe (being worn) Comestibles d - 3 uncursed food rations g - 4 uncursed oranges m - an uncursed eucalyptus leaf Scrolls b - 2 uncursed scrolls of light q - an uncursed scroll of amnesia s - 2 uncursed scrolls of enchant armor w - an uncursed scroll of scare monster x - an uncursed scroll of teleportation E - a cursed scroll of blank paper J - an uncursed scroll of magic mapping Spellbooks a - a blessed spellbook of protection u - an uncursed spellbook of protection B - an uncursed spellbook of remove curse Potions c - 3 uncursed potions of healing l - an uncursed potion of gain energy v - a cursed potion of confusion Wands k - a wand of enlightenment (0:13) Tools i - a magic marker (0:34) Spells known in the end: Name Level Category Fail Memory a - protection 1 clerical 0% 93% b - remove curse 3 clerical 86% 99% Your skills at the end: Fighting Skills martial arts [Basic] Weapon Skills Spellcasting Skills healing spells [Basic] Final Attributes: You were fervently aligned. You were sleep resistant. You were poison resistant. You saw invisible. You were telepathic. You were fast. You were unlucky. You are dead (2nd time!). Vanquished creatures: 2 rock piercers a paper golem 2 floating eyes a green mold a red mold 2 garter snakes a fox 2 goblins a grid bug a lichen a newt 15 creatures vanquished. Voluntary challenges: You were an atheist. You never hit with a wielded weapon. You read items or engraved 16 times, starting on turn 542. You never genocided any monsters. You never polymorphed an object. You never changed form. You used no wishes. You never split a pudding. You wrote Elbereth's name 2 times, starting on turn 681. You violated your moral code, losing 2 points of alignment, starting on turn 894. Dungeon overview: The Dungeons of Doom: levels 1 to 7 Level 1 a long staircase Level 2 Level 3 Level 4 an altar to Chih Sung-tzu , a fountain stairs to The Gnomish Mines Level 5 an altar to Shan Lai Ching , a fountain Level 6 <- You were here Level 7 The Gnomish Mines: Level 5 stairs to The Dungeons of Doom History has recorded: On T:1 you entered the Dungeons of Doom to retrieve the Amulet of Yendor! On T:37 you reached level 2 of The Dungeons of Doom. On T:96 you reached level 3 of The Dungeons of Doom. On T:197 you reached level 4 of The Dungeons of Doom. On T:312 you reached level 1 of The Gnomish Mines. On T:360 you were saved from death by your amulet of life saving! On T:379 you reached level 5 of The Dungeons of Doom. On T:532 you reached level 6 of The Dungeons of Doom. On T:728 you reached level 7 of The Dungeons of Doom. On T:793 you advanced to experience level 2. On T:861 you advanced to experience level 3. Score breakdown: Gold: 616 ( 9491 points) Experience: 3 levels ( 7878 points) Exploration: 7 levels ( 14.29%) (10606 points) Discoveries: 2 items ( 0.71%) ( 2530 points) Valuables value: (no points given unless you survive) Artifact value: 0 ( 0 points) Variety of kills: 11 monsters ( 2.90%) ( 5110 points) Time penalty: 1447 turns ( 0 points) Survival: died (score multiplied by 80%) Total score: 28492 Latest messages: You miss the sewer rat. The sewer rat bites! The sewer rat misses. The leprechaun hits! Your purse feels lighter. The wererat hits! You die... Final status: Goodbye kid the Monk, killed by a wererat... You died in The Dungeons of Doom on dungeon level 6 with 28492 points, and 616 pieces of gold, after 1447 moves. You were level 3 with a maximum of 30 hit points when you died.